 Dungeon Crawl Stone Soup version 0.26-a0-639-g72c4674329 (webtiles) character file.

Game seed: 9799991802368207677

77 Peloso the Skirmisher (level 4, 35/35 HPs)
             Began as a Demonspawn Fighter on Sept 18, 2020.
             Got out of the dungeon alive.
             The game lasted 00:04:16 (2240 turns).

Peloso the Skirmisher (Demonspawn Fighter)          Turns: 2240, Time: 00:04:16

Health: 35/35      AC: 12    Str: 17    XL:     4   Next: 13%
Magic:  4/4        EV:  9    Int: 10    God:
Gold:   71         SH:  9    Dex: 12    Spells: 3/3 levels left

rFire    . . .     SeeInvis .   a - +0 long sword
rCold    . . .     Faith    .   c - +0 kite shield
rNeg     . . .     Spirit   .   b - +0 scale mail
rPois    .         Reflect  .   (helmet restricted)
rElec    .         Harm     .   (no cloak)
rCorr    .         Rampage  .   f - +2 pair of gloves
MR       .....                  k - +1 pair of boots
Stlth    ..........             (no amulet)
HPRegen  0.11/turn              (no ring)
MPRegen  0.09/turn              (no ring)

@: no status effects
A: horns 1, repulsion field 1
a: no special abilities


You escaped.
You visited 1 branch of the dungeon, and saw 3 of its levels.

You collected 71 gold pieces.

Inventory:

Hand Weapons
 a - a +0 long sword (weapon)
Armour
 b - a +0 scale mail (worn)
 c - a +0 kite shield (worn)
 f - a +2 pair of gloves (worn)
 k - a +1 pair of boots (worn)
Scrolls
 e - a scroll of remove curse
Potions
 d - a potion of might
 g - a potion of berserk rage
 h - 3 potions of curing {unknown}
 i - a potion of degeneration {unknown}
 j - 2 potions of brilliance
 l - a potion of stabbing


   Skills:
 + Level 3.3 Fighting
 + Level 2.8 Long Blades
 + Level 3.1 Armour
 + Level 0.6 Dodging
 + Level 3.1 Shields


You had 3 spell levels left.
You didn't know any spells.
Your spell library was empty.

Dungeon Overview and Level Annotations

Branches:
Dungeon (3/15)

Altars:
Makhleb
Wu Jian
Xom


Innate Abilities, Weirdness & Mutations

You have a pair of small horns on your head.
You are surrounded by a mild repulsion field. (EV +2)


Message History

You slash the adder!
You kill the adder!
You have reached level 4!
You feel clever.
Your demonic ancestry asserts itself...
A pair of horns grows on your head!
(D) Dungeon
Where to? (Enter - D:12, ? - help)
What level of the Dungeon? (default 1, ? - help) HP restored.
There is a stone staircase leading up here.
You climb upwards.
There is a stone staircase leading down here.
There is a stone staircase leading up here.
You climb upwards.
There is a stone staircase leading down here.
There is a staircase leading out of the dungeon here.
Are you sure you want to leave the Dungeon?
This will make you lose the game! [Y]es or [N]o only, please.
Are you sure you want to leave the Dungeon?
This will make you lose the game!
You have escaped!

###########
###.........#
#...#####.8.#
#.#.#≈≈≈#...#
#.#.#≈≈≈#.#.#
#.#.#≈≈;#.#.#
#.#.#####.#.#
#.#.......#@#
#.#.#####.#.#
######.#.#≈≈≈#.#.#
.......#.#≈≈≈#.#.#
######.#.#≈≈≈#...#
#...#####.8.#
###.........#
###########


There were no monsters in sight!

Vanquished Creatures
  An adder (D:3)
  2 oozes (D:2)
  A worm (D:2)
  A dart slug (D:3)
  A leopard gecko (D:1)
  2 orcs (D:3)
  3 giant cockroaches (D:1)
  5 goblins
  5 hobgoblins
  7 jackals
  4 kobolds (D:2)
  2 quokkas (D:3)
  5 bats
  A frilled lizard (D:3)
  5 rats
45 creatures vanquished.

Notes
Turn   | Place    | Note
-------+----------+-------------------------------------------
     0 | D:1      | Peloso the Demonspawn Fighter began the quest for the Orb.
     0 | D:1      | Reached XP level 1. HP: 18/18 MP: 1/1
     3 | D:1      | Noticed an electric eel
     3 | D:1      | Noticed an electric eel
   108 | D:1      | Gained mutation: You are surrounded by a mild repulsion
                  | field. (EV +2) [demonic ancestry]
   108 | D:1      | Reached XP level 2. HP: 10/24 MP: 2/2
   905 | D:2      | Reached XP level 3. HP: 29/29 MP: 3/3
  1052 | D:2      | Found a shimmering altar of Xom.
  1052 | D:2      | Found a shimmering altar of Xom.
  1053 | D:2      | Found a shimmering altar of Xom.
  1303 | D:2      | Found an ornate altar of the Wu Jian Council.
  1401 | D:2      | Found a shimmering altar of Xom.
  1402 | D:2      | Found a shimmering altar of Xom.
  1402 | D:2      | Found a shimmering altar of Xom.
  1403 | D:2      | Found a shimmering altar of Xom.
  1455 | D:2      | Found a burning altar of Makhleb.
  1455 | D:2      | Noticed a balrug
  2130 | D:3      | Gained mutation: You have a pair of small horns on your
                  | head. [demonic ancestry]
  2130 | D:3      | Reached XP level 4. HP: 32/35 MP: 4/4
  2240 | D:$      | Got out of the dungeon alive.

Illustrated notes

Levels and vault maps discovered:
D:1:      arrival_aquarium_b, layout_loops_ring
D:2:      layout_basic, xom_redecorated, nicolae_overflow_crystal_walls,
          makhleb_altar_promises_db
D:3:      layout_loops_ring, old_standard_altar

Skill      XL: |  1  2 |
---------------+-------+-----
Shields        | 3 |  3.1
Long Blades    | 2 |  2.8
Armour         | 3 |  3.1
Fighting       | |  3.3
Dodging        | |  0.6

Action                   |  1- 3 |  4- 6 || total
-------------------------+-------+-------++-------
Melee: Long sword        |   123 |       ||   123
  Use: Potion            |     4 |       ||     4
       Scroll            |     2 |       ||     2
Armor: Scale mail        |    61 |       ||    61
Dodge: Dodged            |    41 |       ||    41
Block: Kite shield       |    56 |       ||    56
       Rpst.: Long sword |    16 |       ||    16

Table legend: (Time is in decaauts)
 A = Elapsed time spent in this place.
 B = Non-inter-level travel time spent in this place.
 C = Inter-level travel time spent in this place.
 D = Time resting spent in this place.
 E = Time spent auto-exploring this place.
 F = Levels seen in this place.
 G = Mean time per level.
                   A        B        C        D        E       F      G
               +--------+--------+--------+--------+--------+-----+--------+
         Total |   2292 |   2098 |    194 |     13 |   1665 |   3 |  764.0 |
       Dungeon |   2292 |   2098 |    194 |     13 |   1665 |   3 |  764.0 |
               +--------+--------+--------+--------+--------+-----+--------+

Top non-repeatable levels by time:
     D:2: 989 daAuts
     D:1: 919 daAuts
     D:3: 383 daAuts
